Map: Goldenaura LE

Players

demzi

  • Race: Zerg Zerg
  • League: Silver
  • Spawn Location: 12:00

LatexhotOO - Winner!

  • Race: Terran Terran
  • League: Diamond
  • Spawn Location: 5:00

VOD

Have the link to the VOD?

Description

Time

  • Played on: March 20, 2024, 5:29 p.m.
  • Length: 5:02
Show
View Real Time Build Order
Export as new Build Order

demzi Zerg 

Build Orders: Hatch First 

Get SALT Encoding   

  12  0:00  Drone  
  13  0:12  Overlord  
  13  0:17  Drone  
  14  0:30  Drone x2  
  16  0:50  Hatchery  
  16  0:52  Drone  
  16  1:00  Drone x2  
  18  1:04  Extractor  
  17  1:17  Spawning Pool  
  16  1:20  Drone  
  16  1:23  Drone  
  18  1:29  Drone  
  19  1:38  Drone  
  20  1:49  Overlord  
  20  2:03  Queen  
  20  2:04  Queen  
  20  2:05  Zergling x4  
  26  2:11  Drone  
  26  2:13  Drone  
  28  2:21  Drone  
  29  2:23  Drone  
  30  2:33  Drone  
  30  2:34  Drone  
  32  2:45  Drone x2  
  32  2:46  Queen  
  36  2:59  Overlord  
  36  3:00  Overlord  
  36  3:04  Lair  
  36  3:08  Roach Warren  
  36  3:09  Extractor  
  36  3:10  Drone  
  36  3:11  Drone, Extractor  
  35  3:14  Drone  
  36  3:25  Drone  
  36  3:26  Drone x4  
  36  3:27  Drone  
  40  3:48  Overlord x2  
  40  3:50  Roach, Hatchery  
  40  3:53  Roach  
  43  4:02  Overlord x2  
  43  4:08  Roach x3  
  49  4:16  Roach  
  51  4:25  Queen  
  51  4:28  Roach x4  
  61  4:41  Roach  
  61  4:42  Roach x2  
  61  4:43  Overlord  
Show
View Real Time Build Order
Export as new Build Order

LatexhotOO Terran - Winner!

Build Orders: 2 Factory, Cyclone Opening 

Get SALT Encoding   

  12  0:01  SCV  
  13  0:13  Supply Depot  
  13  0:17  SCV  
  14  0:29  SCV  
  15  0:37  Barracks  
  15  0:42  SCV  
  16  0:46  Refinery  
  16  0:52  Refinery  
  17  0:57  SCV  
  17  1:09  SCV  
  18  1:24  Supply Depot  
  18  1:30  Marine  
  19  1:36  SCV  
  20  1:48  Orbital Command  
  20  1:53  Barracks Reactor  
  20  1:59  Factory  
  20  2:12  Factory  
  20  2:24  SCV  
  21  2:51  Cyclone x2  
  25  2:55  SCV  
  26  2:59  Factory Tech Lab  
  26  3:01  Supply Depot  
  26  3:11  SCV  
  27  3:22  Siege Tank  
  27  3:23  Cyclone x2, SCV  
  27  3:25  Supply Depot  
  35  3:55  Siege Tank, Cyclone x2  
  39  3:59  Supply Depot  
  42  4:27  Cyclone x2  
Tags
 
Add a new tag
Caveats
  • Supply blocks, unpowered buildings, or Contaminate may cause inaccurate times.
  • Supply counts are checked every 10 seconds.